Map: Ulrena

Players

Petraeus - Winner!

  • Race: Zerg Zerg
  • League: Master

Botvinnik

  • Race: Terran Terran

Event: NationWars III

VOD

Have the link to the VOD?

Description

Time

  • Played on: Nov. 22, 2015, 3:18 p.m.
  • Length: 14:46
Show
View Real Time Build Order
Export as new Build Order

Petraeus Zerg - Winner!

Build Orders: Hatch First, Muta Ling Bane 

Get SALT Encoding   

  12  0:01  Drone  
  13  0:13  Overlord  
  13  0:17  Drone  
  14  0:31  Drone  
  14  0:32  Drone  
  16  0:37  Drone  
  17  0:53  Hatchery  
  17  0:55  Drone  
  17  0:58  Drone  
  18  1:12  Spawning Pool  
  18  1:13  Extractor  
  18  1:16  Drone  
  17  1:20  Drone  
  18  1:29  Drone  
  19  1:40  Overlord  
  19  1:51  Drone  
  20  2:01  Zergling x2, Queen  
  20  2:05  Zergling x2, Queen  
  26  2:12  Drone  
  26  2:15  Metabolic Boost  
  27  2:16  Drone  
  27  2:21  Spore Crawler  
  27  2:27  Drone  
  30  2:30  Drone  
  30  2:38  Overlord  
  30  2:40  Drone, Queen  
  33  2:46  Drone  
  33  2:48  Drone  
  35  2:57  Extractor  
  34  2:59  Drone  
  34  3:01  Drone  
  36  3:07  Drone  
  36  3:10  Extractor  
  36  3:11  Drone  
  38  3:13  Drone  
  38  3:14  Drone x2  
  38  3:18  Hatchery  
  38  3:19  Drone x3  
  44  3:26  Overlord  
  43  3:31  Baneling Nest  
  42  3:34  Queen  
  44  3:47  Drone x2  
  46  3:49  Drone x2  
  46  3:55  Zergling x6  
  50  3:56  Overlord  
  50  3:58  Drone x2  
  50  4:01  Extractor  
  51  4:04  Lair  
  51  4:05  Extractor  
  51  4:06  Drone  
  51  4:09  Zergling x2  
  52  4:14  Overlord, Queen  
  54  4:19  Drone x2  
  54  4:22  Drone  
  54  4:23  Drone x2  
  59  4:24  Drone  
  59  4:25  Extractor  
  59  4:29  Drone  
  59  4:30  Overlord  
  60  4:34  Zergling x6  
  63  4:39  Zergling x2  
  63  4:40  Baneling x4  
  63  4:43  Baneling x2  
  64  4:47  Zergling x2  
  64  4:48  Zergling x4  
  66  4:57  Zergling x8  
  70  5:03  Zergling x8  
  74  5:07  Spire  
  74  5:11  Zergling x10  
  72  5:20  Zergling x4  
  74  5:24  Zergling x4  
  76  5:32  Queen  
  76  5:34  Zergling x2  
  69  5:55  Drone x8  
  69  5:56  Drone  
  75  5:57  Drone x2  
  75  6:00  Evolution Chamber  
  74  6:04  Evolution Chamber, Drone x2  
  74  6:05  Drone x2  
  74  6:07  Drone  
  74  6:08  Drone  
  67  6:21  Drone, Mutalisk  
  67  6:23  Mutalisk x2  
  74  6:26  Zerg Flyer Weapons Level 1, Mutalisk  
  74  6:30  Mutalisk x2  
  74  6:32  Zerg Ground Armor Level 1, Zerg Melee Weapons Level 1  
  80  6:34  Drone x3, Extractor  
  80  6:36  Extractor  
  80  6:37  Drone  
  80  6:38  Overseer  
  82  6:42  Overlord x2  
  82  6:50  Centrifical Hooks  
  81  6:57  Drone x3  
  82  7:04  Drone x2  
  82  7:05  Drone x3  
  82  7:06  Zergling x2  
  82  7:07  Zergling x4  
  90  7:09  Zergling x2  
  90  7:10  Zergling x4  
  90  7:12  Pneumatized Carapace  
  90  7:13  Drone  
  90  7:14  Overlord  
  94  7:16  Drone  
  94  7:17  Drone x2  
  94  7:22  Hatchery  
  96  7:26  Baneling x5  
  96  7:33  Mutalisk x4  
  96  7:36  Overlord x2  
  102  7:42  Mutalisk  
  102  7:44  Zergling x4  
  106  7:51  Overlord x4  
  106  7:55  Mutalisk  
  106  7:56  Mutalisk  
  110  7:59  Mutalisk  
  110  8:04  Zergling x4  
  112  8:06  Overlord x2  
  112  8:08  Queen  
  112  8:09  Drone  
  112  8:10  Drone x3  
  112  8:11  Zergling x2  
  119  8:13  Zergling x2  
  120  8:23  Mutalisk x3  
  120  8:26  Overlord  
  126  8:28  Drone  
  126  8:29  Zergling x6  
  128  8:36  Zerg Melee Weapons Level 2  
  128  8:39  Zerg Ground Armor Level 2  
  128  8:43  Drone x3  
  128  8:45  Zergling x10  
  128  8:47  Overseer  
  132  8:59  Baneling x10  
  132  9:01  Zergling x8  
  136  9:05  Zergling x6  
  136  9:06  Zergling x4  
  141  9:11  Drone  
  141  9:13  Infestation Pit  
  141  9:14  Mutalisk  
  141  9:15  Mutalisk  
  143  9:20  Zergling x2  
  143  9:21  Zergling x12  
  150  9:25  Overlord x2  
  150  9:26  Spine Crawler  
  150  9:28  Drone x3, Spine Crawler  
  150  9:30  Extractor x2  
  149  9:37  Drone x3  
  152  9:39  Drone x3  
  152  9:40  Hatchery  
  152  9:41  Baneling x4  
  152  9:42  Baneling  
  154  9:51  Zergling x6  
  154  9:52  Zergling x6  
  158  9:55  Hive, Zerg Flyer Weapons Level 2  
  158  9:58  Spine Crawler  
  157  10:04  Mutalisk x3  
  161  10:09  Zergling x10  
  161  10:10  Zergling x14  
  167  10:18  Mutalisk x2  
  171  10:24  Zergling x8  
  175  10:33  Zergling x10  
  181  10:35  Zergling x4  
  181  10:36  Zergling x4  
  181  10:40  Baneling x13  
  184  10:45  Zergling x2  
  184  10:46  Zergling x12  
  184  10:49  Overlord  
  155  11:04  Zergling x2  
  155  11:05  Zergling x16  
  155  11:09  Zergling x4  
  155  11:14  Zergling x6  
  155  11:15  Zergling x2  
  155  11:16  Zergling x10  
  148  11:24  Ultralisk Cavern  
  138  11:25  Zergling x2  
  138  11:26  Zergling x10  
  138  11:29  Queen  
  145  11:33  Adrenal Glands  
  145  11:34  Zerg Melee Weapons Level 3  
  145  11:35  Zerg Ground Armor Level 3  
  144  11:41  Baneling x13  
  144  11:43  Overseer  
  140  11:56  Zergling x26  
  126  12:04  Corruptor x4  
  131  12:16  Corruptor x2  
  131  12:17  Zergling x14  
  131  12:22  Corruptor  
  139  12:23  Zergling x6  
  134  12:41  Ultralisk x2  
  134  12:42  Ultralisk  
  149  12:53  Baneling x7  
  149  12:54  Baneling x2  
  149  12:56  Ultralisk  
  139  13:06  Ultralisk  
  139  13:07  Ultralisk, Zergling x4  
  148  13:17  Ultralisk  
  149  13:23  Overseer  
  149  13:25  Ultralisk  
  149  13:26  Zergling x8  
  159  13:32  Queen  
  161  13:37  Ultralisk, Zergling x2  
  161  13:38  Zergling x4  
  161  13:39  Baneling  
  161  13:40  Baneling x3  
  170  13:49  Ultralisk  
  170  13:50  Zergling x8  
  170  13:55  Baneling x7  
  180  13:57  Baneling  
  180  13:59  Overlord  
  174  14:08  Zergling x14  
Show
View Real Time Build Order
Export as new Build Order

Botvinnik Terran 

Build Orders: Liberator Opening, Reaper Expand, MMM Bio 

Get SALT Encoding   

  12  0:00  SCV  
  13  0:13  SCV  
  14  0:18  Supply Depot  
  14  0:25  SCV  
  15  0:39  SCV  
  15  0:42  Barracks  
  16  0:46  Refinery  
  16  0:51  SCV  
  17  1:03  SCV  
  18  1:16  SCV  
  19  1:29  Orbital Command  
  19  1:30  Reaper  
  20  1:40  Command Center  
  20  1:48  Refinery  
  20  1:55  SCV  
  20  1:58  Supply Depot  
  21  2:02  Barracks Reactor  
  21  2:07  SCV  
  22  2:19  SCV  
  23  2:23  Factory  
  23  2:31  SCV  
  24  2:40  Marine x2  
  24  2:43  SCV  
  27  2:52  Orbital Command  
  27  2:55  SCV  
  28  2:58  Marine x2  
  30  3:08  SCV  
  30  3:11  Factory Tech Lab  
  31  3:12  Starport  
  30  3:20  SCV x2  
  30  3:21  Marine x2  
  34  3:30  Siege Tank  
  34  3:32  SCV x2, Liberator  
  39  3:39  Supply Depot  
  39  3:40  Marine  
  39  3:41  Marine  
  41  3:44  SCV x2  
  46  4:01  SCV x2, Marine  
  46  4:02  Siege Tank  
  52  4:03  Marine  
  52  4:07  Supply Depot  
  53  4:13  SCV  
  54  4:20  Supply Depot  
  54  4:28  SCV x2, Marine x2  
  58  4:40  SCV x2  
  60  4:49  Siege Tank, Marine x2  
  64  4:52  SCV x2  
  64  4:59  Command Center  
  63  5:05  SCV  
  63  5:06  SCV, Liberator  
  65  5:07  Barracks x2  
  65  5:12  Marine x2  
  66  5:17  SCV  
  66  5:20  Supply Depot  
  66  5:21  Engineering Bay x2  
  70  5:29  Refinery  
  70  5:30  Refinery  
  70  5:35  Factory Reactor  
  70  5:40  SCV  
  70  5:41  SCV  
  71  5:49  Marine  
  63  5:53  Terran Infantry Weapons Level 1, SCV x2, Terran Infantry Armor Level 1  
  55  6:05  Barracks Tech Lab, Barracks  
  55  6:08  Barracks  
  55  6:10  SCV x2  
  45  6:15  Orbital Command  
  45  6:16  Marine x3  
  45  6:17  Stimpack  
  45  6:22  SCV, Widow Mine  
  45  6:23  Hellion  
  50  6:27  SCV  
  51  6:33  Combat Shields  
  51  6:34  Starport Reactor  
  51  6:37  SCV  
  51  6:39  SCV  
  53  6:42  SCV  
  54  6:50  Marine x3  
  54  6:51  SCV x2, Marine  
  60  6:54  Barracks Reactor  
  60  6:55  Armory  
  60  6:58  Missile Turret  
  60  6:59  Missile Turret, Widow Mine  
  60  7:00  Widow Mine  
  64  7:07  SCV x2  
  63  7:13  SCV  
  63  7:14  Marine  
  63  7:15  Marine x2  
  68  7:16  Barracks Reactor  
  68  7:17  Marine  
  68  7:19  SCV  
  68  7:20  SCV, Armory  
  69  7:25  SCV  
  69  7:31  SCV  
  69  7:32  SCV  
  68  7:37  SCV  
  68  7:38  Marine x6  
  68  7:42  Medivac x2  
  68  7:43  SCV  
  77  7:44  SCV  
  77  7:49  SCV, Widow Mine x2  
  83  7:55  SCV, Missile Turret  
  83  7:56  SCV  
  85  8:02  SCV, Marine x3  
  85  8:05  Marine  
  88  8:07  SCV  
  88  8:08  SCV  
  90  8:14  SCV  
  90  8:19  Widow Mine  
  93  8:23  Supply Depot  
  93  8:25  Supply Depot  
  93  8:26  Terran Infantry Weapons Level 2  
  93  8:31  SCV x2  
  93  8:32  SCV  
  93  8:34  Widow Mine  
  92  8:35  Marine x5  
  92  8:36  Marine x2  
  101  8:42  Missile Turret  
  101  8:44  Marine  
  101  8:45  Medivac x2  
  101  8:47  SCV  
  101  8:48  SCV x2  
  109  8:49  Widow Mine  
  113  8:56  Terran Infantry Armor Level 2  
  113  9:00  Liberator  
  117  9:03  Supply Depot  
  117  9:04  Supply Depot  
  117  9:07  Widow Mine, Liberator  
  113  9:13  Command Center  
  113  9:21  SCV  
  113  9:22  Refinery  
  113  9:23  Refinery  
  117  9:24  SCV  
  117  9:28  Supply Depot  
  117  9:29  Supply Depot  
  117  9:31  Missile Turret  
  121  9:32  Marauder x2  
  121  9:37  SCV  
  121  9:38  Marine x5  
  126  9:39  Marine  
  132  9:47  Liberator  
  132  9:50  Liberator  
  122  9:53  Marauder x2  
  122  9:56  Marine x3  
  122  9:59  Marine x2  
  132  10:07  Barracks  
  132  10:08  Barracks x2  
  132  10:11  Marine  
  132  10:14  Marine x2  
  136  10:15  Marauder  
  136  10:16  Marauder, Marine  
  136  10:18  Supply Depot  
  136  10:20  Supply Depot x2  
  136  10:21  Marine x2  
  144  10:30  Liberator  
  144  10:31  SCV x2  
  144  10:32  SCV  
  144  10:33  Liberator  
  145  10:36  Marauder  
  145  10:38  Marauder  
  145  10:40  Marine  
  145  10:41  Marine x4  
  145  10:42  Marine  
  158  10:57  Marauder  
  158  10:58  Marine x2  
  158  11:02  Marine x2  
  158  11:03  Marine x4, Marauder  
  126  11:08  Marine  
  105  11:16  Marine x2  
  96  11:19  Marauder  
  96  11:20  SCV x2, Marine x2  
  96  11:21  Marine x4  
  96  11:24  Marauder  
  102  11:26  Marine  
  102  11:30  SCV, Medivac  
  104  11:34  Marine x2  
  104  11:38  Marine x2  
  107  11:40  Marauder  
  107  11:43  Marine x4  
  107  11:45  Marauder  
  114  11:54  Marine x3  
  114  11:55  Medivac  
  114  12:00  Marine x2  
  107  12:03  Planetary Fortress  
  105  12:12  Marine x4, Medivac  
  109  12:16  Missile Turret  
  107  12:25  Medivac  
  107  12:26  Marine x3  
  107  12:27  Marine x2  
  114  12:30  Marine  
  114  12:31  Marine  
  111  12:37  SCV x2  
  111  12:40  Marine x4  
  111  12:43  Medivac  
  111  12:44  Marine x2  
  119  12:46  Factory Reactor  
  121  12:56  Marine x2  
  123  12:59  Marauder  
  92  13:05  Marine x2  
  92  13:06  Marauder  
  92  13:07  Marine x5  
  93  13:14  SCV, Marine x2  
  93  13:15  SCV x2  
  93  13:19  Marine  
  89  13:23  SCV, Marine x2  
  89  13:24  Marine  
  89  13:25  Marine x4  
  89  13:27  SCV x2, Marauder  
  98  13:34  Widow Mine x2  
  100  13:35  Marine  
  100  13:39  Marine x2  
  107  14:02  Widow Mine x2  
  107  14:04  Marine x2  
  107  14:05  Marauder x2  
  107  14:08  Medivac x2  
  79  14:24  Marine x5  
  79  14:25  Marine x2  
Tags
 
Add a new tag
Caveats
  • Supply blocks, unpowered buildings, or Contaminate may cause inaccurate times.
  • Supply counts are checked every 10 seconds.